[Event "Late-Titled-Tuesday-Blitz-September-05-2023"]
[Site "Chess.com"]
[Date "2023.09.05"]
[Round "1"]
[White "Fengwi"]
[Black "Ali_rastbod"]
[Result "1/2-1/2"]
[WhiteElo "2432"]
[BlackElo "2708"]
[TimeControl "180+1"]
[EndTime "14:08:13 PDT"]
[Termination "Game drawn - insufficient material"]

1. Nf3 Nf6 2. b3 c5 3. Bb2 d5 4. e3 Qc7 5. c4 dxc4 6. Bxc4 g6 7. O-O Bg7 8. Nc3 O-O 9. Rc1 a6 10. d4 cxd4 11. Nxd4 Qd8 12. Be2 Nbd7 13. Qc2 e5 14. Nf3 Qe7 15. Nb1 Rd8 16. Ba3 Qe8 17. Nbd2 b5 18.
Ne4 Nxe4 19. Qxe4 Ra7 20. Rfd1 Bb7 21. Qh4 h6 22. Rc7 Bxf3 23. Rxa7 Bxe2 24. Rd2 b4 25.
Bxb4 Bb5 26. Qe7 Qxe7 27. Bxe7 Rc8 28. h3 Nf8 29. a4 Rc1+ 30. Kh2 Bf1 31. Rd8 Rc2 32.
Kg3 f5 33. Bxf8 Bxf8 34. Raa8 f4+ 35. exf4 exf4+ 36. Kf3 g5 37. Rxf8+ Kg7 38. Rfb8 Rc3+ 39. Ke4 Bxg2+ 40. Kd4 Rxh3 41. Ra7+ Kg6 42. Rxa6+ Kf5 43. Rb5+ Kg4 44. Rbb6 h5 45. Rg6 Bf1 46. Ra5 Rxb3 47.
Raxg5+ Kf3 48. Rg3+ fxg3 49. Rxg3+ Kxf2 50. Rxb3 h4 51. a5 h3 52. Rxh3 Bxh3 53. a6 Bg2 54.
a7 Ba8 55. Kc5 Bh1 56. Kb6 Ba8 57. Kc7 Bh1 58. a8=Q Bxa8 1/2-1/2

[Event "Late-Titled-Tuesday-Blitz-September-05-2023"]
[Site "Chess.com"]
[Date "2023.09.05"]
[Round "1"]
[White "WindWhistler11"]
[Black "artin10862"]
[Result "0-1"]
[WhiteElo "2480"]
[BlackElo "2947"]
[TimeControl "180+1"]
[EndTime "14:08:15 PDT"]
[Termination "artin10862 won on time"]

1. Nf3 Nf6 2. c4 g6 3. g3 Bg7 4. Bg2 O-O 5. O-O d6 6. Nc3 e5 7.
d3 Re8 8. Rb1 a5 9. a3 e4 10.
Ne1 Bf5 11. Bg5 exd3 12. Nxd3 c6 13. Qd2 Nbd7 14. Rbd1 Qc7 15. Ne1 Ne5 16. b3 a4 17.
Nxa4 Nxc4 18. Qb4 Ne5 19. Qxd6 Qxd6 20. Rxd6 Ne4 21. Bxe4 Bxe4 22. Nc5 Bd5 23. e4 Bf8 24. Nxb7 Bxb3 25. Rd2 Bc4 26. f4 Bxf1 27. fxe5 Bh3 28. Nd3 Rxa3 29. Nf4 Bg4 30. Nd6 Rxe5 31. Bf6 Rc5 32. Ne8 Rc1+ 33. Kg2 Ra8 34. Bb2 Rxe8 35. Bxc1 Rxe4 36. Nd3 Rd4 37. Bb2 Rd5 38. Kf2 Bf5 39. Ke3 Bh6+ 40. Nf4 Rxd2 41. Kxd2 Bf8 42. Ke2 Be4 43. Ke3 Bh1 44. h4 Be7 45. Kd4 f6 46. Kc4 Kf7 47. Nh3 Bg2 48. Nf4 Bf1+ 49. Kb3 h5 50. Bc3 Bd6 51. Bd2 Ba6 52. Kc3 Bc8 53. Be3 Bg4 54. Bf2 Bf3 0-1

[Event "Late-Titled-Tuesday-Blitz-September-05-2023"]
[Site "Chess.com"]
[Date "2023.09.05"]
[Round "1"]
[White "leoduarte"]
[Black "GoltsevDmitry2000"]
[Result "0-1"]
[WhiteElo "2353"]
[BlackElo "2664"]
[TimeControl "180+1"]
[EndTime "14:08:16 PDT"]
[Termination "GoltsevDmitry2000 won on time"]

1. d4 Nf6 2. Bf4 d5 3. Nf3 c6 4. e3 Bf5 5. c4 e6 6. Qb3 Qb6 7.
c5 Qxb3 8. axb3 a6 9. h3 h6 10. b4 Nbd7 11. b5 a5 12. Nc3 Be7 13. b4 a4 14. Rxa4 O-O 15. Be2 Ne4 16. Rxa8 Rxa8 17. Nxe4 Ra1+ 18. Bd1 Bxe4 19. bxc6 bxc6 20. Nd2 Bd3 21.
Nb3 Rb1 22. Kd2 Bc4 23. Na5 Bb5 24. Kc3 f6 25. Re1 e5 26. Bg3 g5 27. f3 Bf8 28.
Bc2 Rxe1 29. Bxe1 Bg7 30. Bd3 f5 31. Bxf5 exd4+ 32. exd4 Nf8 33. Bd3 Ne6 34. Bf2 Ba4 35. Be3 Kf7 36. Bf5 Nc7 37. Bd7 Nb5+ 38. Kd3 Na7 39.
Bd2 Ke7 40. Bf5 Bb5+ 41. Ke3 Ba4 42. Bc3 h5 43. Bd3 Kd7 44. h4 Bh6 45. hxg5 Bxg5+ 46. f4 Bf6 47. f5 Bg5+ 48. Kf3 Ke7 49. g4 h4 50. Bf1 Kd7 51. Ke2 Bc2 52. Bd2 Bf6 53. Be3 Bg7 54. g5 Bxf5 55. Bf2 h3 56. Kf3 Nb5 57. Kg3 Nxd4 0-1

[Event "Late-Titled-Tuesday-Blitz-September-05-2023"]
[Site "Chess.com"]
[Date "2023.09.05"]
[Round "1"]
[White "Javylavilla"]
[Black "Mikhail_Golubev"]
[Result "0-1"]
[WhiteElo "2297"]
[BlackElo "2597"]
[TimeControl "180+1"]
[EndTime "14:08:17 PDT"]
[Termination "Mikhail_Golubev won by checkmate"]

1. e4 c5 2. Nf3 d6 3. d4 cxd4 4. Nxd4 Nf6 5. Nc3 g6 6. Be3 Bg7 7. f3 O-O 8. Qd2 Nc6 9. Bc4 Bd7 10. h4 Ne5 11. Bb3 Rc8 12. O-O-O h5 13. Bg5 Nc4 14.
Bxc4 Rxc4 15. Nde2 Be6 16. e5 Ne8 17. exd6 Nxd6 18. Bxe7 Qxe7 19. Qxd6 Qf6 20. Rd3 Rfc8 21. Rhd1 b5 22. a3 a5 23. Rd4 b4 24. Rxc4 Rxc4 25.
Qd8+ Qxd8 26. Rxd8+ Kh7 27. axb4 axb4 28. Ne4 Bh6+ 29.
Kd1 Kg7 30. c3 bxc3 31. bxc3 Ra4 32. Kc2 Bc4 33. Nd4 Ra2+ 34. Kb1 Rxg2 35. Nd6 Bd3+ 36. Ka1 Bc1 37. Rb8 Bf4 38. Ne8+ Kh6 39. Ra8 Bc4 40. Nf6 Be5 41. Ne4 Rh2 42. Ra5 Bxd4 43. cxd4 Rxh4 44. Rc5 Be6 45. d5 Bf5 46. d6 Rh1+ 47. Kb2 Rd1 48. Rc7 Bxe4 49. fxe4 Rxd6 50. Rxf7 Kg5 51. Kc3 h4 52.
Rf2 h3 53. e5 Rd5 54. e6 Re5 55. Rf3 Kg4 56. Rf6 Kg5 57. Rf3 Kh4 58. Rf6 g5 59. Kd4 Re1 60. Rh6+ Kg3 61. Kd5 g4 62. Kd6 h2 63. e7 Rd1+ 64. Ke6 Re1+ 65. Kf7 Kg2 66. e8=Q Rxe8 67. Kxe8 h1=Q 68. Rxh1 Kxh1 69. Kf7 g3 70. Kf6 g2 71. Kf5 g1=Q 72. Kf4 Qf1+ 73. Ke4 Qg2+ 74.
Ke5 Qh2+ 75. Kf6 Qh5 76. Ke6 Qg5 77. Kd6 Qf5 78. Kc6 Qe5 79. Kd7 Qf6 80. Kc7 Qe6 81. Kb7 Qd6 82. Ka7 Qc6 83. Kb8 Qd7 84. Ka8 Kg2 85.
Kb8 Kf3 86. Ka8 Ke4 87. Kb8 Kd5 88. Ka8 Kc6 89. Kb8 Qb7# 0-1

[Event "Late-Titled-Tuesday-Blitz-September-05-2023"]
[Site "Chess.com"]
[Date "2023.09.05"]
[Round "1"]
[White "NotFischer"]
[Black "ArtemDyachuk"]
[Result "1/2-1/2"]
[WhiteElo "2263"]
[BlackElo "2554"]
[TimeControl "180+1"]
[EndTime "14:08:17 PDT"]
[Termination "Game drawn - insufficient material"]

1. e4 c5 2. Nf3 d6 3. d4 cxd4 4. Nxd4 Nf6 5. Nc3 Nc6 6. Bc4 e6 7. Bb3 Be7 8. O-O O-O 9. Be3 Na5 10. f4 a6 11. f5 Nxb3 12. axb3 Qd7 13. Qf3 e5 14. Nde2 b5 15. Rad1 Bb7 16. Ng3 Rac8 17.
Bg5 b4 18. Bxf6 Bxf6 19. Nd5 Bxd5 20. Rxd5 Rxc2 21. Rfd1 Rxb2 22. Rxd6 Qa7+ 23. Kh1 Qf2 24. Qxf2 Rxf2 25. Rxa6 Rb2 26. Nh5 Bg5 27. h4 Bxh4 28. Rd3 Rc8 29. Kh2 g6 30. Ng3 Kg7 31. fxg6 hxg6 32. Rb6 Rc3 33. Rxc3 bxc3 34. b4 c2 35. Rc6 Rb3 36. Ne2 Re3 37. Rxc2 Rxe4 38. b5 Bd8 39. Rb2 Rc4 40. Kg3 Bb6 41. Kf3 f5 42. g3 g5 43. Rb3 g4+ 44. Kg2 Kg6 45. Nc3 Bd4 46. Nd5 Rc2+ 47. Kf1 f4 48. gxf4 e4 49.
b6 Kf5 50. b7 Ba7 51. b8=Q Bxb8 52. Ne3+ Kxf4 53. Nxc2 Ba7 54. Kg2 Bc5 55. Rc3 Bd6 56. Rc4 Be5 57. Nb4 Bd6 58. Nd5+ Ke5 59. Ne3 Kf4 60.
Nxg4 Kxg4 61. Rxe4+ Bf4 62. Rxf4+ Kxf4 1/2-1/2

[Event "Late-Titled-Tuesday-Blitz-September-05-2023"]
[Site "Chess.com"]
[Date "2023.09.05"]
[Round "1"]
[White "vanyakuba"]
[Black "Aradhya2000"]
[Result "0-1"]
[WhiteElo "2404"]
[BlackElo "2726"]
[TimeControl "180+1"]
[EndTime "14:08:20 PDT"]
[Termination "Aradhya2000 won by resignation"]

1. e4 e5 2. Nf3 Nf6 3. Nc3 Nc6 4. g3 d5 5. exd5 Nxd5 6. Bg2 Nxc3 7. bxc3 Bd6 8. O-O O-O 9. d3 Rb8 10. h3 h6 11. Re1 Bf5 12. Rb1 Re8 13. Nh4 Be6 14. a4 Qd7 15. Kh2 b6 16. Qh5 Bf8 17. f4 exf4 18. Bxf4 Ne7 19. c4 Rbd8 20. Be5 Nc6 21. Bc3 Nd4 22. Qd1 Qxa4 23. Rc1 a5 24. Nf3 Bc5 25. Ne5 Rd6 26. Qh5 Nxc2 27. Re2 Nd4 28. Ree1 Nb3 29. Rcd1 Bd4 30. Bxd4 Nxd4 31. Ng4 Bxg4 32.
Rxe8+ Qxe8 33. Qxg4 c5 34. Be4 f5 35. Qf4 Qe6 36.
Bg2 Kh7 37. Rf1 Qf6 38. h4 a4 39. Bh3 a3 40. g4 a2 41. g5 Qe6 42. g6+ Kxg6 43.
Kh1 Kh7 44. Rg1 Qf6 45. Qg3 Ne2 46. Qf3 Nxg1 47. Bxf5+ Kg8 48. Qa8+ Rd8 49. Qe4 Nf3 50. Qxf3 Qxh4+ 51. Kg2 Qg5+ 52. Kh3 a1=Q 53. Be6+ Kh8 54. Bg4 Qaf6 55. Qg3 Rxd3 56. Qxd3 Qh4+ 57. Kg2 Qxg4+ 58. Kh2 Qf2+ 0-1

[Event "Late-Titled-Tuesday-Blitz-September-05-2023"]
[Site "Chess.com"]
[Date "2023.09.05"]
[Round "1"]
[White "RebecaJimnz"]
[Black "Semetey"]
[Result "0-1"]
[WhiteElo "2253"]
[BlackElo "2567"]
[TimeControl "180+1"]
[EndTime "14:08:21 PDT"]
[Termination "Semetey won on time"]

1. e4 c5 2. Nc3 e6 3. g3 Nc6 4. Bg2 Nf6 5. d3 d5 6. exd5 Nxd5 7. Nxd5 exd5 8. Ne2 Be7 9. d4 cxd4 10. Nxd4 O-O 11. O-O Bf6 12. Nb3 Be6 13. c3 Qd6 14.
Be3 Rfd8 15. Nd4 Rac8 16. Re1 a6 17. Qd2 Nxd4 18. Bxd4 Bxd4 19. Qxd4 Rc4 20. Qe3 b6 21. Bf1 Re4 22. Qd2 a5 23. Rad1 Rxe1 24. Qxe1 Qc5 25.
Rd4 h6 26. Qd2 Rd7 27. c4 Qb4 28. Qxb4 axb4 29. cxd5 Rxd5 30. Rxb4 Rd1 31. Kg2 Bd5+ 32. f3 Bxf3+ 33. Kxf3 Rxf1+ 34. Kg2 Rf6 35. a4 g5 36. Rb5 Kg7 37. b4 Rd6 38. a5 bxa5 39. bxa5 Rd2+ 40. Kg1 Ra2 41. h4 gxh4 42. gxh4 Kg6 43. h5+ Kg7 44.
Rc5 Kf6 45. Rb5 Ke6 46. Rb6+ Kf5 47. Rxh6 Rxa5 48. Rb6 Kg5 49. Rb7 f5 50. Kf2 Kf4 51. Rb4+ Kg5 52. Rb1 Kxh5 53. Rb2 Kg4 54. Rc2 Ra3 55.
Rb2 Rh3 56. Rb4+ f4 57. Rb8 Rh2+ 58. Kf1 Kg3 59. Rg8+ Kf3 60. Ke1 Rh1+ 61. Kd2 Kf2 62. Rf8 f3 0-1

[Event "Late-Titled-Tuesday-Blitz-September-05-2023"]
[Site "Chess.com"]
[Date "2023.09.05"]
[Round "1"]
[White "JesseFebruary"]
[Black "whitemirrorninja"]
[Result "0-1"]
[WhiteElo "1947"]
[BlackElo "2513"]
[TimeControl "180+1"]
[EndTime "14:08:22 PDT"]
[Termination "whitemirrorninja won by checkmate"]

1. d4 g6 2. Nf3 Bg7 3. Bf4 Nf6 4. Nbd2 b6 5. e4 Bb7 6. Bd3 d5 7. e5 Ne4 8. Qe2 Nxd2 9. Qxd2 c5 10. c3 Nc6 11. O-O O-O 12. Bh6 Rc8 13. Bxg7 Kxg7 14.
Rfe1 e6 15. h4 h5 16. Rac1 Qe7 17. Bb1 Na5 18. Qf4 Rc7 19. dxc5 bxc5 20. g4 hxg4 21.
Qxg4 Rh8 22. Ng5 Bc8 23. Re3 Nc6 24. Rce1 Rb7 25. Rf3 Nd8 26. Nxf7 Nxf7 27. Bxg6 Rxh4 28. Qg3 Qg5 29. Rxf7+ Kxg6 30. Rf6+ Kh5 31. Qxg5+ Kxg5 32. Kg2 Rxb2 33. Kf3 Rh3+ 34. Kg2 Rh4 35. Kf3 Rh3+ 36. Kg2 Rxc3 37. Rh1 d4 38. Rhh6 Bb7+ 39. Kh2 Rxf2+ 40. Rxf2 Kxh6 41. Rf6+ Kg5 42. Rxe6 Kf5 43. Re7 Bd5 44. Re8 Rc2+ 45. Kg3 d3 46. e6 Rg2+ 47. Kh3 Re2 48. e7 Ke6 49. Rh8 Kxe7 50. Rh5 Be6+ 51. Kh4 d2 52. Kg3 Re4 53. Rxc5 Rd4 54. Kf3 d1=Q+ 55. Kg3 Qd3+ 56. Kh2 Qe2+ 57. Kg1 Rd1# 0-1

[Event "Late-Titled-Tuesday-Blitz-September-05-2023"]
[Site "Chess.com"]
[Date "2023.09.05"]
[Round "1"]
[White "DenizSeyhanoglu1"]
[Black "Orest_Vovk"]
[Result "0-1"]
[WhiteElo "2314"]
[BlackElo "2609"]
[TimeControl "180+1"]
[EndTime "14:08:24 PDT"]
[Termination "Orest_Vovk won by checkmate"]

1. e4 g6 2. d4 Nf6 3. Nc3 d5 4. e5 Ne4 5. Bd3 Nxc3 6. bxc3 c5 7. f4 Nc6 8. Nf3 Qb6 9. Be3 Bg4 10. dxc5 Qa5 11. Qd2 Bxf3 12. gxf3 e6 13. c4 Qxd2+ 14.
Kxd2 dxc4 15. Bxc4 O-O-O+ 16. Kc3 Ne7 17. Rhd1 Rxd1 18.
Rxd1 Nf5 19. Bf2 Bh6 20. Bg3 Kc7 21. Bb5 Rd8 22. Rxd8 Kxd8 23. c6 b6 24. Kd3 Kc7 25. Ke4 Ne7 26. c4 Nxc6 27. Bf2 Bf8 28. h4 h5 29. Be3 Bb4 30. f5 gxf5+ 31. Kf4 Be7 32. Bf2 Bd8 33. Be1 f6 34. Bc3 fxe5+ 35. Bxe5+ Kd7 36.
Kg3 a6 37. Bxc6+ Kxc6 38. Bd4 Bc7+ 39. Kf2 Bd6 40. Ke2 Bg3 41. Bf6 Kc5 42. Bd8 Kxc4 43.
Bxb6 Bxh4 44. Ke3 Bg5+ 45. f4 Be7 46. Bc7 Kd5 47. Kf3 Bd6 48. Bd8 Bb4 49. Kg3 Ke4 50. Bc7 Be1+ 51. Kg2 h4 52. Kh3 Bg3 53. a4 Bxf4 54. Bb6 Bg3 55. Bd8 Kd5 56. Kg2 e5 57.
Bc7 e4 58. Bb6 f4 59. Kf1 f3 60. Kg1 Kc4 61. Kh1 Kd3 62. a5 e3 63. Bc5 e2 64.
Bg1 f2 65. Kg2 f1=Q+ 66. Kh1 Qf3# 0-1

[Event "Late-Titled-Tuesday-Blitz-September-05-2023"]
[Site "Chess.com"]
[Date "2023.09.05"]
[Round "1"]
[White "Schwindle"]
[Black "TanitoluwaAps116"]
[Result "1-0"]
[WhiteElo "2416"]
[BlackElo "2702"]
[TimeControl "180+1"]
[EndTime "14:08:27 PDT"]
[Termination "Schwindle won by resignation"]

1. e4 c5 2. Nf3 Nc6 3. d4 cxd4 4. Nxd4 f6 5. Nc3 g6 6. Bc4 Bg7 7. h4 h5 8. Nxc6 bxc6 9. O-O e6 10. Qe2 Ne7 11. Rd1 Qc7 12. Bb3 O-O 13. Be3 d5 14. Bc5 Rf7 15. Re1 Bb7 16. Bxe7 Rxe7 17. exd5 cxd5 18.
Nxd5 Bxd5 19. Bxd5 Rae8 20. Bb3 Kh7 21. Rad1 f5 22.
c3 e5 23. Rd5 e4 24. Red1 e3 25. Ba4 Rb8 26. Rd7 exf2+ 27. Qxf2 Rxd7 28. Rxd7 Qe5 29. Bb3 Kh6 30. Rd5 Qe4 31. Qd2+ f4 32. Rd6 Re8 33. Bc2 Qe3+ 34. Qxe3 Rxe3 35. Rxg6+ Kh7 36. Re6+ Kg8 37. Rxe3 fxe3 38. Kf1 a5 39. Bg6 a4 40. a3 Kf8 41. Bxh5 Ke7 42. Ke2 Bh6 43. g4 Kd6 44. g5 Bg7 45. Kxe3 Kc5 46. Kd3 Kd5 47. Bf7+ Ke5 48. h5 Kf5 49. h6 Bf8 50. g6 Bxh6 51.
Be8 Kf6 52. Kc2 Bg7 53. Bxa4 Kxg6 54. Bc6 Kf6 55. Kd3 Ke5 56. Kc4 Kd6 57. Be4 Bh6 58. b4 Ke5 59. Bc2 Kd6 60. Bb3 Bg7 61. a4 Kc6 62. a5 Bh8 63. Ba4+ Kd6 64. b5 Bg7 65. b6 Bh6 66. Kb5 Bd2 67. a6 Bxc3 68.
a7 1-0

[Event "Late-Titled-Tuesday-Blitz-September-05-2023"]
[Site "Chess.com"]
[Date "2023.09.05"]
[Round "1"]
[White "Willychess95"]
[Black "leschebaza"]
[Result "1-0"]
[WhiteElo "2703"]
[BlackElo "2394"]
[TimeControl "180+1"]
[EndTime "14:08:28 PDT"]
[Termination "Willychess95 won on time"]

1. e4 e6 2. d4 d5 3. Nc3 Nf6 4. e5 Nfd7 5. Nce2 c5 6. c3 Nc6 7. Nf3 b5 8. Nf4 b4 9. Bb5 Bb7 10. O-O Be7 11. Be3 Rc8 12. Nh5 g6 13. Ng3 h5 14.
Ne2 Qa5 15. Bd3 bxc3 16. bxc3 cxd4 17. cxd4 Nb4 18. Bd2 Qa3 19. Bxb4 Bxb4 20. Nf4 Rg8 21. h4 Ba6 22. Bxa6 Qxa6 23. Rc1 Ke7 24. Rb1 Ba5 25.
Ng5 Bb6 26. Qf3 Rg7 27. Rfd1 Rc2 28. a3 Qc4 29. Rb4 Qc3 30. Rd3 Qa1+ 31. Kh2 Rc1 32. Kg3 Qa2 33. Rbb3 Rc2 34. Rbc3 Ba5 35. Rxc2 Qxc2 36. Rb3 Qc7 37. Qd3 Bb6 38. Rb2 Rg8 39.
Rc2 Qb7 40. Qf3 Rg7 41. Kh2 Kf8 42. Rc3 Kg8 43. Rd3 Qc8 44. Qh3 Qd8 45. Nfxe6 fxe6 46. Nxe6 Qe7 47. Nxg7 Kxg7 48. Qe3 Nf8 49. g3 Ne6 50. Qf3 Qf7 51. Qxf7+ Kxf7 52. f4 Nxd4 53. Kg2 Nf5 54. Kf3 Ke6 55. a4 d4 56. Rb3 Kd5 57. Rb5+ Kc4 58.
e6 d3 59. Rxf5 gxf5 60. e7 d2 61. Ke2 Kc3 62. e8=Q Kc2 63. Qc6+ Bc5 64. Qxc5+ Kb2 65. Kxd2 1-0

[Event "Late-Titled-Tuesday-Blitz-September-05-2023"]
[Site "Chess.com"]
[Date "2023.09.05"]
[Round "1"]
[White "PepeCuenca"]
[Black "sjoerd893"]
[Result "0-1"]
[WhiteElo "2674"]
[BlackElo "2430"]
[TimeControl "180+1"]
[EndTime "14:08:28 PDT"]
[Termination "sjoerd893 won by resignation"]

1. c4 e5 2. Nc3 Nf6 3. Nf3 Nc6 4. e4 Bb4 5. d3 d6 6. a3 Bc5 7. b4 Bb6 8. Na4 Bd4 9. Nxd4 Nxd4 10. Nc3 O-O 11. Be2 a5 12. Rb1 axb4 13. axb4 b6 14. Bg5 Ne6 15. Bh4 Nf4 16. O-O Ra3 17. Nd5 N6xd5 18.
Bxd8 Nc3 19. Qe1 Nfxe2+ 20. Kh1 Rxd8 21. Ra1 Rb3 22. Ra8 Rb1 23. Qxb1 Nxb1 24. Rxb1 Kf8 25. Rba1 Ke7 26. R1a7 Bd7 27. Rxd8 Kxd8 28. g3 Nd4 29. Kg1 Nc2 30. b5 Nd4 31. f4 exf4 32. gxf4 Ne2+ 33. Kf2 Nxf4 34. Ke3 g5 35. Ra8+ Ke7 36. Ra7 Kd8 37.
Ra8+ Bc8 38. d4 Ne6 39. Ra1 h6 40. Rf1 Nf4 41. Ra1 Be6 42. Rc1 Kd7 43. d5 Bg4 44.
Ra1 Bh5 45. Ra8 Be2 46. Rh8 Bxc4 47. Rxh6 Bxb5 48. Kf3 Bc4 49. h4 Nxd5 50. exd5 Bxd5+ 51. Ke3 gxh4 52. Rxh4 b5 53. Kd4 Be6 54. Rh8 c5+ 55.
Kc3 b4+ 56. Kd3 d5 57. Ra8 Kd6 58. Ra6+ Ke5 59. Ke3 d4+ 60. Kd3 Kd5 61. Ra8 c4+ 62.
Kc2 Bf5+ 63. Kd2 c3+ 64. Kd1 b3 65. Ra5+ Ke4 66. Ra3 b2 67. Rb3 Ke3 68. Rb6 b1=Q+ 69. Rxb1 Bxb1 0-1

[Event "Late-Titled-Tuesday-Blitz-September-05-2023"]
[Site "Chess.com"]
[Date "2023.09.05"]
[Round "1"]
[White "newyorkmouse"]
[Black "eljanov"]
[Result "0-1"]
[WhiteElo "2456"]
[BlackElo "2878"]
[TimeControl "180+1"]
[EndTime "14:08:29 PDT"]
[Termination "eljanov won by checkmate"]

1. a3 e5 2. c4 c6 3. Nf3 e4 4. Nd4 d5 5. cxd5 Nf6 6. Nc3 Bc5 7. Nb3 Bb6 8. e3 cxd5 9. d3 Qe7 10. Be2 O-O 11. O-O Nc6 12. Bd2 Ne5 13. d4 Ng6 14. Na4 Bc7 15. Bb4 Bd6 16. Bxd6 Qxd6 17. Rc1 Nh4 18. g3 Ng6 19. Qc2 Qe6 20. Rfd1 Qh3 21. Bf1 Qh5 22. Qc7 Bg4 23. Re1 Bh3 24. Be2 Bg4 25. Bf1 b6 26. Rc6 Rac8 27. Qb7 Rxc6 28. Qxc6 Bd7 29. Qc7 Bxa4 30. Nd2 Bd7 31. Qxa7 Bh3 32.
Qxb6 Bxf1 33. Nxf1 h6 34. a4 Nh7 35. h4 Qg4 36. Nh2 Qe6 37. Qb3 Ra8 38. Rc1 Nf6 39.
Qa3 Qa6 40. b3 Nf8 41. Nf1 Ne6 42. a5 g5 43. b4 gxh4 44. gxh4 Kh7 45. Qa4 Rg8+ 46.
Kh2 Qd6+ 47. Kh1 Rg4 48. Ng3 Rxg3 49. fxg3 Qxg3 50. Qc2 Qxe3 51. Rg1 Nf4 52. Rf1 Qh3+ 53. Kg1 Qg3+ 54. Kh1 Ng4 55. a6 Qh3+ 56. Kg1 Qg3+ 57.
Kh1 Qxh4+ 58. Kg1 Nh3+ 59. Kg2 Ne3+ 60. Kh2 Nf4+ 61. Kg1 Qg3+ 62. Kh1 Qh3+ 63. Kg1 Qxf1+ 64. Kh2 Nxc2 65. a7 Qf2+ 66. Kh1 Qg2# 0-1

[Event "Late-Titled-Tuesday-Blitz-September-05-2023"]
[Site "Chess.com"]
[Date "2023.09.05"]
[Round "1"]
[White "Hamisandwich"]
[Black "kaanadayhamle"]
[Result "1/2-1/2"]
[WhiteElo "2652"]
[BlackElo "2355"]
[TimeControl "180+1"]
[EndTime "14:08:31 PDT"]
[Termination "Game drawn by repetition"]

1. d3 d5 2. Nf3 Nf6 3. g3 Bg4 4.
Bg2 Nbd7 5. h3 Bh5 6. g4 Bg6 7. Nh4 e6 8. e3 Bd6 9. Nc3 c6 10. Qe2 Qb6 11. a4 a5 12. f4 O-O-O 13. e4 Bb4 14. Bd2 h6 15. e5 Ne8 16. f5 Bh7 17.
Nd1 Bxd2+ 18. Kxd2 Nc7 19. Re1 Rhe8 20. Qf2 Qxf2+ 21.
Nxf2 exf5 22. d4 f4 23. Nf5 Bxf5 24. gxf5 g6 25. Ng4 h5 26. Nh6 gxf5 27. Nxf7 Rg8 28. Bf3 Rdf8 29. Nd6+ Kb8 30. Rg1 Ne6 31. c3 h4 32.
Rxg8 Rxg8 33. Nxf5 Ng5 34. Bg4 Ne4+ 35. Ke2 Nf8 36.
Nxh4 Nh7 37. Nf3 Ng3+ 38. Kd3 Ne4 39. Rf1 Rf8 40. Nh4 Ng3 41. Rf2 Ne4 42. Rf1 Ng3 43.
Re1 Ng5 44. Ng6 Rg8 45. Nxf4 N5e4 46. Ne2 Nf2+ 47. Ke3 Nxg4+ 48. hxg4 Nxe2 49. Rxe2 Rxg4 50. Kf3 Rg7 51. Kf4 Kc7 52. e6 Kd6 53. Kf5 Ke7 54. Rh2 Kd6 55. Kf6 Rg1 56. Re2 Rf1+ 57. Kg7 Ke7 58.
Kg6 Rf6+ 59. Kg5 Rxe6 60. Rxe6+ Kxe6 61. Kg6 Ke7 62. Kf5 Kf7 63. Ke5 Ke7 64. b3 b6 65. b4 Kd7 66. bxa5 bxa5 67. Kf6 Kd6 68. Kf7 Kd7 69. Kf6 Kd6 70. Kf5 Kd7 71. Kg6 Ke6 72.
Kg5 Ke7 73. Kf5 Kf7 74. Ke5 Ke7 75. Kf5 Kd7 76. Kf6 1/2-1/2

[Event "Late-Titled-Tuesday-Blitz-September-05-2023"]
[Site "Chess.com"]
[Date "2023.09.05"]
[Round "1"]
[White "petr577"]
[Black "Casablanca"]
[Result "0-1"]
[WhiteElo "2337"]
[BlackElo "2637"]
[TimeControl "180+1"]
[EndTime "14:08:31 PDT"]
[Termination "Casablanca won on time"]

1. d4 Nf6 2. Bg5 e6 3. Nd2 h6 4.
Bf4 c5 5. e3 Nc6 6. c3 b6 7.
Ngf3 Bb7 8. Bd3 Be7 9. O-O d6 10. Rc1 O-O 11. Bb1 Re8 12. Qc2 Rc8 13. Rfe1 cxd4 14.
exd4 Nb4 15. Qd1 Nbd5 16. Bg3 Nh5 17. Qc2 g6 18. Nf1 Ndf4 19. Re3 Bf6 20. Rce1 Qd7 21. Qb3 Bd5 22. Qa3 a5 23. N1d2 Bg7 24. Ne4 Red8 25.
Bh4 g5 26. Nfxg5 hxg5 27. Bxg5 f6 28. Bh4 Kf7 29. g4 Ng6 30. Bxf6 Nxf6 31. Nxf6 Bxf6 32.
c4 Rxc4 33. Rh3 Rh8 34. Qd3 Nf8 35. g5 Rxd4 36. g6+ Kg7 37. Qg3 Rxh3 38. Qxh3 e5 39.
Qg3 Rg4 40. Re3 Rxg3+ 41. Rxg3 Qb5 42. b3 Qe2 43. Bd3 Qe1+ 44. Bf1 Be4 45. h4 Bd3 46. Rxd3 Qxf1+ 47. Kxf1 Be7 48. Rc3 Kxg6 49. Rc7 Bxh4 50. Rc6 Be7 51. Rxb6 Kf5 52. Rb5 Bd8 53. Rb8 Ne6 54. Ra8 d5 55. Ke2 Ke4 56. Ra6 Kf5 57.
Kd2 d4 58. Ra8 Be7 59. Kd3 Bb4 60. Kc4 e4 61. Kd5 d3 62. Rh8 d2 63. Rh5+ Kf6 64.
Rh6+ Kf5 65. Rh1 Nf4+ 66. Kc4 Nd3 0-1

[Event "Late-Titled-Tuesday-Blitz-September-05-2023"]
[Site "Chess.com"]
[Date "2023.09.05"]
[Round "1"]
[White "rquery98"]
[Black "SergioMoralesG"]
[Result "1-0"]
[WhiteElo "2681"]
[BlackElo "2376"]
[TimeControl "180+1"]
[EndTime "14:08:50 PDT"]
[Termination "rquery98 won by checkmate"]

1. Nf3 c5 2. c4 Nc6 3. Nc3 Nf6 4.
d4 cxd4 5. Nxd4 d6 6. g3 g6 7. Bg2 Bd7 8. O-O Bg7 9. Nc2 O-O 10. b3 a6 11. Bb2 Rc8 12. Ne3 Ng4 13. Ned5 e6 14. Nf4 Be5 15. e3 Nf6 16. Nd3 Qc7 17.
Nxe5 dxe5 18. Qf3 Ne8 19. h4 f5 20. h5 Nf6 21. hxg6 hxg6 22. Rfd1 e4 23. Qe2 Ne5 24. Ba3 Nf3+ 25. Bxf3 exf3 26. Qxf3 Bc6 27. Qf4 Qh7 28.
f3 Qh3 29. Qh4 Qxh4 30. gxh4 Rf7 31. Kf2 Rh7 32. Rh1 Kf7 33. Rh3 Rch8 34. Rah1 Nd7 35.
Ne2 Ne5 36. Nf4 Nxf3 37. Rxf3 Bxf3 38. Kxf3 Rxh4 39. Rd1 g5 40. Rd7+ Ke8 41. Re7+ Kd8 42. Nxe6+ Kc8 43. Rc7+ Kb8 44. Bd6 Rh3+ 45. Ke2 Ka8 46. Re7 g4 47. Nc7+ Ka7 48. Nd5 g3 49.
Rg7 Rh2+ 50. Kd3 g2 51. Bxh2 Rxh2 52. Nf4 a5 53. Rxg2 Rh1 54. Rd2 Ra1 55. Rc2 Kb6 56.
Kd4 Kc6 57. Ke5 Rd1 58. Kxf5 Re1 59. Ke4 b6 60. Kd3 Kc5 61. Ne2 Rh1 62. Nc3 Kc6 63. Ne4 Rd1+ 64. Rd2 Rh1 65. Rf2 Rh3 66. Rf6+ Kb7 67.
Kd4 Ka6 68. c5 Rh4 69. Rxb6+ Ka7 70. Rb5 Ka6 71. Rb6+ Ka7 72. Re6 a4 73. b4 Rg4 74.
b5 a3 75. b6+ Ka6 76. Kd5 Rh4 77. Re7 Rh5+ 78. Kc6 Rxc5+ 79. Nxc5+ Ka5 80. Ra7+ Kb4 81. Ra4+ Kc3 82. Rxa3+ Kb2 83. Rb3+ Kxa2 84. b7 Ka1 85. b8=Q Ka2 86. Qa8# 1-0

[Event "Late-Titled-Tuesday-Blitz-September-05-2023"]
[Site "Chess.com"]
[Date "2023.09.05"]
[Round "1"]
[White "sebastianmarinp"]
[Black "farzadbfd"]
[Result "1-0"]
[WhiteElo "2410"]
[BlackElo "2681"]
[TimeControl "180+1"]
[EndTime "14:08:52 PDT"]
[Termination "sebastianmarinp won by resignation"]

1. d4 Nf6 2. c4 e6 3. Nc3 d5 4.
Nf3 Be7 5. Bg5 O-O 6. e3 h6 7. Bh4 c6 8. Qc2 a6 9. c5 Nh5 10. Bxe7 Qxe7 11. Be2 Nd7 12. O-O Nhf6 13. e4 dxe4 14.
Nxe4 Nxe4 15. Qxe4 e5 16. Bc4 Rd8 17. b4 Nf6 18.
Qxe5 Qf8 19. h3 Nd5 20. a3 Re8 21. Qh5 Be6 22. Ne5 Rad8 23. Qf3 Nf6 24. Rad1 Bd5 25. Qb3 Re7 26. Bxd5 Rxd5 27. Nc4 Re4 28. Nd6 Re7 29. Qc3 Ne4 30. Nxe4 Rxe4 31. Rfe1 Qe7 32. Rxe4 Qxe4 33. Qe3 Qf5 34. Qd3 Qd7 35. Qe4 g6 36. Rd3 Kg7 37.
Qf4 Qe6 38. Re3 Qd7 39. Re4 Qd8 40. Kh2 Qf6 41. Qxf6+ Kxf6 42. Kg3 Kf5 43. Kf3 Rd7 44. Ke3 Kg5 45. Re5+ Kf6 46. g4 Kg7 47. f4 Kf8 48. Re4 f6 49. Re6 Kf7 50. f5 g5 51. Ke4 Rd5 52. Kd3 Rd7 53. Kc4 Re7 54. Rxe7+ Kxe7 55.
d5 Kd7 56. Kd4 Kc7 57. a4 Kd7 58. Kc4 Kc7 59. b5 axb5+ 60. axb5 cxb5+ 61. Kxb5 Kd7 62. Kb6 Kc8 63. c6 bxc6 64. Kxc6 Kd8 65. Kd6 Ke8 66. Ke6 Kd8 67. Kxf6 Kd7 68. Kg6 Kd6 69. Kxh6 Kxd5 70.
Kxg5 Ke5 71. Kg6 Ke4 72. f6 Kf3 73. g5 Kg3 74. f7 Kh4 75. f8=Q Kg3 76. h4 Kg2 77. h5 Kg3 1-0

[Event "Late-Titled-Tuesday-Blitz-September-05-2023"]
[Site "Chess.com"]
[Date "2023.09.05"]
[Round "1"]
[White "Truequitos"]
[Black "Mikhail_Bryakin"]
[Result "1-0"]
[WhiteElo "2441"]
[BlackElo "2770"]
[TimeControl "180+1"]
[EndTime "14:08:56 PDT"]
[Termination "Truequitos won on time"]

1. e4 c5 2. Nc3 a6 3. g3 b5 4. Bg2 Bb7 5. d3 g6 6. f4 Bg7 7.
Nf3 d6 8. O-O Nc6 9. Be3 Nd4 10. Qd2 e6 11. Nd1 Ne7 12. c3 Nxf3+ 13. Bxf3 O-O 14. Bg2 f5 15. Nf2 Rc8 16. d4 cxd4 17.
Bxd4 e5 18. Be3 Qc7 19. Rad1 d5 20. exd5 Qd6 21. fxe5 Bxe5 22. Nd3 Bf6 23. Bf4 Qb6+ 24. Be3 Qd6 25. Bf4 Qd7 26. d6 Bxg2 27. dxe7 Qxe7 28.
Qxg2 Rfd8 29. Rfe1 Qf7 30. a3 g5 31. Be5 Be7 32.
Bd4 Bf8 33. Ne5 Qc7 34. Qf3 f4 35. gxf4 Bg7 36. f5 Rf8 37. Ng4 Bxd4+ 38. Rxd4 Kh8 39. Rde4 Qf7 40. f6 h5 41. Re5 Qh7 42. Qe4 Qxe4 43. R5xe4 hxg4 44. Re6 Rf7 45. R1e5 Rg8 46. Rxa6 Kh7 47.
Rae6 Kg6 48. Rxb5 Rd8 49. Re7 Rxf6 50. Ree5 Rd1+ 51. Kg2 Rd2+ 52. Kg1 Rd1+ 53. Kg2 Rd2+ 54. Kg1 Rf4 55. Rxg5+ Kf6 56. Rgd5 Rc2 57. Rd6+ Ke7 58. Ra6 Kd7 59. Rb7+ Kc8 60. Rh7 Kb8 61. Rd6 Rf8 62. Rd4 Rc1+ 63. Kg2 Rc2+ 64. Kg3 Ka8 65. Ra4+ Kb8 66.
Rb4+ Ka8 67. Rh5 Rf3+ 68. Kxg4 1-0